 Dungeon Crawl Stone Soup version 0.25.1-8-g42b30a86e7 (webtiles) character file.

Game seed: 14000843848134929447

20 hawla the Conjurer (level 2, 0/20 HPs)
             Began as a Draconian Conjurer on Dec 11, 2020.
             Slain by a phantom (10 damage)
             ... on level 2 of the Dungeon.
             The game lasted 00:02:40 (1091 turns).

hawla the Conjurer (Draconian Conjurer)             Turns: 1091, Time: 00:02:40

Health: 0/20       AC:  4    Str: 10    XL:     2   Next: 58%
Magic:  0/6        EV: 12    Int: 15    God:
Gold:   82         SH:  0    Dex: 11    Spells: 4/7 levels left

rFire    . . .     SeeInvis .   (no weapon)
rCold    . . .     Gourm    .   (no shield)
rNeg     . . .     Faith    .   (armour unavailable)
rPois    .         Spirit   .   (helmet restricted)
rElec    .         Reflect  .   (no cloak)
rCorr    .         Harm     .   (no gloves)
MR       .....                  (no boots)
Stlth    ++........             (no amulet)
HPRegen  0.06/turn              (no ring)
MPRegen  0.10/turn              (no ring)

@: no status effects
A: unfitting armour, cold-blooded, AC +4
a: no special abilities


You were on level 2 of the Dungeon.
You were not hungry.

You visited 1 branch of the dungeon, and saw 2 of its levels.

You collected 82 gold pieces.

Inventory:

Missiles
 f - 11 poisoned darts
 h - 5 datura-tipped darts (quivered)
Scrolls
 a - 2 scrolls of remove curse {unknown}
 c - a scroll of magic mapping {unknown}
 g - a scroll of noise {unknown}
 l - a scroll of amnesia {unknown}
Potions
 d - a potion of berserk rage {unknown}
 e - a potion of flight {unknown}
 j - a potion of brilliance {unknown}
 k - a potion of might {unknown}
Comestibles
 b - 5 rations


   Skills:
 - Level 1.7 Dodging
 - Level 1.7 Stealth
 + Level 3.1 Spellcasting
 - Level 4.0 Conjurations


You had 4 spell levels left.
You knew the following spells:

 Your Spells              Type           Power        Failure   Level  Hunger
a - Magic Dart            Conj           ##..         3%          1    #......
b - Searing Ray           Conj           ##....       6%          2    ##.....

Your spell library contained the following spells:

 Spells                   Type           Power        Failure   Level  Hunger
 Dazzling Flash           Conj/Hex       #.....       26%         3    ###....
 Fulminant Prism          Conj/Hex       #.........   65%         4    #####..
 Iskenderun's Mystic Bla  Conj/Tloc      #.......     65%         4    #####..


Dungeon Overview and Level Annotations

Branches:
Dungeon (2/15)

Altars:


Innate Abilities, Weirdness & Mutations

Your plain brown scales are hard. (AC +4)
You cannot fit into any form of body armour.
You are cold-blooded and may be slowed by cold attacks.


Message History

The phantom hits you!
You hit the phantom but do no damage.
The phantom is lightly damaged.
The phantom closely misses you.
You hit the phantom but do no damage.
The phantom is lightly damaged.
The phantom closely misses you. The phantom closely misses you.
The phantom blinks!
There is a stone staircase leading up here.
Casting: Searing Ray (safe; 6% risk of failure)
Confirm with . or Enter, or press ? or * to list all spells.
Aiming: Magic Dart (safe; 3% risk of failure)
Press: ? - help, Shift-Dir - straight line, f/p - phantom
Aim: a phantom (lightly damaged)
The magic dart hits the phantom.
The phantom is moderately damaged.
The phantom hits you!
Ouch! That really hurt!
You die...

.. .# .# .# #
##.#.#.#.
#........
########.#
##..)..##.####..#
#...W@..ยง.......#
#...#<....##.#..#
#.........# #
#............
#.#####..##..# #.
...# .)# ## ###..
... #### .##


You could see a phantom.

Vanquished Creatures
  An ooze (D:2)
  2 bats (D:1)
  2 goblins (D:1)
  2 hobgoblins (D:1)
  5 kobolds
  3 rats (D:1)
15 creatures vanquished.

Notes
Turn   | Place    | Note
-------+----------+-------------------------------------------
     0 | D:1      | hawla the Draconian Conjurer began the quest for the Orb.
     0 | D:1      | Reached XP level 1. HP: 14/14 MP: 3/3
   380 | D:1      | Reached XP level 2. HP: 14/20 MP: 0/5
   981 | D:1      | Learned a level 2 spell: Searing Ray
  1076 | D:2      | Noticed a phantom
  1091 | D:2      | Slain by a phantom

Illustrated notes

Levels and vault maps discovered:
D:1:      minmay_arrival_stair_chambers, layout_loops_ring
D:2:      layout_loops_cross, chequers_ecumenical_altar_simple, first_ration,
          minmay_goblin_kobold_house, uniq_jessica

Skill      XL: |  1  2 |
---------------+-------+-----
Spellcasting   | 3 |  3.1
Dodging        | |  1.7
Stealth        | |  1.7
Conjurations   | |  4.0

Action                   || total
-------------------------++-------
Melee: Unarmed           ||    21
       Tailslap          ||     2
 Cast: Magic Dart        ||    21
       Searing Ray       ||     4
  Eat: Chunk             ||     1
Armor: Skin              ||     7
Dodge: Dodged            ||    16
